 Dungeon Crawl Stone Soup version 0.30-a0-1053-gbd8d5ba0ad (webtiles) character file.

Game seed: 13451244834715886225

128 sampeng1 the Trooper (level 5, 0/42 HPs)
             Began as a Human Fighter on Apr 11, 2023.
             Succumbed to a water moccasin's poison
             ... on level 5 of the Dungeon on Apr 12, 2023.
             The game lasted 00:18:40 (664 turns).

sampeng1 the Trooper (Human Fighter)                 Turns: 664, Time: 00:18:41

Health: 0/42       AC: 10    Str: 18    XL:     5   Next: 33%
Magic:  5/5        EV:  7    Int:  9    God:
Gold:   46         SH:  0    Dex: 12    Spells: 4/4 levels left

rFire   . . .      SeeInvis .    i - +1 halberd (protect)
rCold   . . .      Faith    .    (shield currently unavailable)
rNeg    . . .      Spirit   .    m - +0 chain mail
rPois   .          Reflect  .    (no helmet)
rElec   .          Rampage  .    (no cloak)
rCorr   .                        (no gloves)
Will    .....                    l - +0 pair of boots Stlth
                                 (no amulet)
HPRegen 0.27/turn                (no ring)
MPRegen 0.09/turn                (no ring)

@: lethally poisoned (0 -> -3), hasted, very quick
A: no striking features
a: no special abilities


You were on level 5 of the Dungeon.
You visited 1 branch of the dungeon, and saw 5 of its levels.

You collected 46 gold pieces.

Inventory:

Hand Weapons
 e - a +2 hand axe of flaming
 i - a +1 halberd of protection (weapon)
Armour
 b - a +0 scale mail
 c - a +0 buckler
 g - the +2 robe of Summertime {rN+ Int+5 Dex+4}
   (You found it on level 4 of the Dungeon)

   Int:       It affects your intelligence (+5).
   Dex:       It affects your dexterity (+4).
   rN:        It protects you from negative energy.
 l - a +0 pair of boots (worn)
 m - a +0 chain mail (worn)
Wands
 a - a wand of paralysis (9)
Potions
 d - a potion of might
 j - a potion of attraction {unknown}
 k - a potion of magic {unknown}


   Skills:
 + Level 3.6 Fighting
 + Level 3.0 Long Blades
 + Level 2.2 Polearms
 + Level 3.4 Armour
 + Level 0.2 Dodging
 + Level 3.4 Shields


You had 4 spell levels left.
You didn't know any spells.
Your spell library was empty.

Dungeon Overview and Level Annotations

Branches:
Dungeon (5/15)
 Temple: D:4-7

Altars:


Message History

Found a blackened diamond ring.
The water moccasin hisses angrily.
An iguana comes into view.
The iguana hisses angrily.
You completely miss the adder. The adder bites you but does no damage.
You puncture the water moccasin!
Your weapon exudes an aura of protection.
The water moccasin is severely wounded.
The water moccasin bites you but does no damage.
The adder bites you. The water moccasin bites you!
You closely miss the water moccasin.
The water moccasin is severely wounded.
The adder barely misses you. The water moccasin bites you.
You are poisoned.
The water moccasin poisons you! The adder barely misses you.
The water moccasin bites you but does no damage.
You closely miss the water moccasin.
The water moccasin is severely wounded.
You feel very sick. The iguana bites you. The adder closely misses you.
The water moccasin barely misses you. The iguana barely misses you.
The adder bites you but does no damage.
The water moccasin bites you but does no damage.
You puncture the water moccasin!
Your weapon exudes an aura of protection.
You kill the water moccasin!
You feel very sick. The adder bites you but does no damage.
The iguana bites you but does no damage.
The adder bites you but does no damage.
Your Long Blades skill increases to level 3!
Your Polearms skill increases to level 2!
You have reached level 4!
You feel clever.
You have reached level 5!
You barely miss the adder.
You feel sick. The iguana bites you!
* * * LOW HITPOINT WARNING * * *
The adder barely misses you. The iguana barely misses you.
It was a potion of haste.
You feel yourself speed up.
You die...

..... .....##+####
...........#
...........#
...........#
...........#
......S....######
......†@........#
......l.........########
......$.........'.......
................########
.=####+####.....# .
###.#..'.....#
#..<#.##.....#
#.#.#.##[....# #
#.#.##.....#


You could see an iguana and an adder.

Vanquished Creatures
  A water moccasin (D:5)
  An adder (D:4)
  A dart slug (D:1)
  An orc (D:5)
  A ball python (D:2)
  3 endoplasms
  A quokka (D:2)
  7 bats
  3 rats
19 creatures vanquished.

Notes
Turn   | Place    | Note
-------+----------+-------------------------------------------
     0 | D:1      | sampeng1 the Human Fighter began the quest for the Orb.
     0 | D:1      | Reached XP level 1. HP: 18/18 MP: 1/1
    97 | D:1      | Reached XP level 2. HP: 23/24 MP: 2/2
   377 | D:4      | Identified the +2 robe of Summertime {rN+ Int+5 Dex+4}
   569 | D:4      | Reached XP level 3. HP: 29/29 MP: 3/3
   591 | D:5      | Entered Level 5 of the Dungeon
   634 | D:5      | Reached skill level 1 in Polearms
   656 | D:5      | Noticed a water moccasin
   662 | D:5      | Killed a water moccasin
   663 | D:5      | Reached XP level 4. HP: 11/37 MP: 4/4
   663 | D:5      | Reached XP level 5. HP: 13/42 MP: 5/5
   663 | D:5      | HP: 1/42 [iguana (10)]
   664 | D:5      | Succumbed to a water moccasin's poison

Illustrated notes

Levels and vault maps discovered:
D:1:      dpeg_arrival_court, layout_rooms, grunt_decor_mini_mirrors
D:2:      layout_basic, nicolae_ecumenical_pavilion
D:3:      layout_loops_corners, minmay_distorted, uniq_jessica, uniq_ijyb,
          uniq_terence, uniq_grinder
D:4:      layout_loops_ring, chequers_ossuary_entry_cave
D:5:      layout_basic, gammafunk_ghost_icy

Skill      XL: |  1  2  3 |
---------------+----------+-----
Polearms       | 2 |  2.2
Long Blades    | 3 |  3.0
Fighting       | |  3.6
Armour         | |  3.4
Dodging        | |  0.2
Shields        | |  3.4

Action                     |  1- 3 |  4- 6 || total
---------------------------+-------+-------++-------
  Melee: Long sword        |    23 |       ||    23
         Halberd           |    26 |     1 ||    27
    Use: Scroll            |     1 |       ||     1
         Potion            |       |     1 ||     1
 Armour: Scale mail        |    27 |       ||    27
         Chain mail        |    12 |       ||    12
         Robe              |     1 |       ||     1
  Dodge: Dodged            |    31 |     2 ||    33
  Block: Buckler           |    10 |       ||    10

Table legend: (Time is in decaauts)
 A = Elapsed time spent in this place.
 B = Non-inter-level travel time spent in this place.
 C = Inter-level travel time spent in this place.
 D = Time resting spent in this place.
 E = Time spent auto-exploring this place.
 F = Levels seen in this place.
 G = Mean time per level.
                   A        B        C        D        E       F      G
               +--------+--------+--------+--------+--------+-----+--------+
         Total |    681 |    442 |    239 |      0 |    179 |   5 |  136.2 |
       Dungeon |    681 |    442 |    239 |      0 |    179 |   5 |  136.2 |
               +--------+--------+--------+--------+--------+-----+--------+

Top non-repeatable levels by time:
     D:4: 219 daAuts
     D:1: 201 daAuts
     D:2: 132 daAuts
     D:5: 74 daAuts
     D:3: 54 daAuts
